 Dungeon Crawl Stone Soup version 0.31-a0-960-g0fca184906 (webtiles) character file.

Game seed: 16831088699286357886

7 Ahpoh the Trooper (level 2, -3/22 HPs)
             Began as a Barachi Fighter on Oct 20, 2023.
             Slain by a worm (8 damage)
             ... on level 3 of the Dungeon on Oct 23, 2023.
             The game lasted 00:05:19 (1271 turns).

Ahpoh the Trooper (Barachi Fighter)                 Turns: 1271, Time: 00:05:19

Health: -3/22      AC:  8    Str: 17    XL:     2   Next: 4%
Magic:  2/2        EV:  9    Int:  8    God:
Gold:   101        SH:  4    Dex: 11    Spells: 1/1 levels left

rFire   . . .        a - +0 long sword
rCold   . . .        c - +0 buckler
rNeg    . . .        b - +0 scale mail
rPois   .            (no helmet)
rElec   .            (no cloak)
rCorr   .            (no gloves)
SInv    .            k - +0 pair of boots
Will    .....        (no amulet) Stlth
                     (no ring)
HPRegen 0.23/turn    (no ring)
MPRegen 0.08/turn

%: no passive effects
@: slow
A: reduced essence, amphibious, slowness 1, strong legs 1, +LOS
a: Hop


You were on level 3 of the Dungeon.
You visited 1 branch of the dungeon, and saw 3 of its levels.

You collected 101 gold pieces.

Inventory:

Hand Weapons
 a - a +0 long sword (weapon)
Armour
 b - a +0 scale mail (worn)
 c - a +0 buckler (worn)
 k - a +0 pair of boots (worn)
Scrolls
 e - a scroll of blinking {unknown}
 j - a scroll of revelation {unknown}
 l - a scroll of noise {unknown}
 m - a scroll of enchant weapon {unknown}
 n - 3 scrolls of identify {unknown}
 o - a scroll of vulnerability {unknown}
 p - a scroll of fear {unknown}
Potions
 d - a potion of might
 f - a potion of curing
 g - a potion of degeneration {unknown}
 h - a potion of cancellation {unknown}
 i - a potion of haste {unknown}
 q - a potion of lignification {unknown}


   Skills:
 * Level 3.8 Fighting
 * Level 2.5 Long Blades
 * Level 3.8 Armour
 * Level 3.5 Shields


You had one spell level left.
You didn't know any spells.
Your spell library contained the following spells:

 Spells                   Type           Power      Damage    Failure   Level
 Poisonous Vapours        Pois/Air       0%         N/A       95%         2
 Mephitic Cloud           Conj/Pois/Air  0%         N/A       99%         3
 Freezing Cloud           Conj/Ice/Air   0%         6-21      100%        5


Dungeon Overview and Level Annotations

Branches:
Dungeon (3/15)

Altars:
Hepliaklqana


Innate Abilities, Weirdness & Mutations

Your life essence is reduced to manifest your ancestor. (-10% HP)
You are amphibious.
You cover ground slowly.
You can hop short distances.
You have an extended range of vision and can be seen from far away.


Message History

You closely miss the hobgoblin.
The hobgoblin is lightly wounded.
The hobgoblin hits you.
You hit the hobgoblin.
You kill the hobgoblin!
The frilled lizard hisses angrily.
You slash the worm!
The worm is heavily wounded.
The worm bites you.
You hit the worm but do no damage.
The worm is heavily wounded.
The worm bites you.
You hit the worm.
The worm is heavily wounded.
You hit the worm.
The worm is heavily wounded.
The worm bites you.
You barely miss the worm.
The worm is heavily wounded.
The worm bites you.
* * * LOW HITPOINT WARNING * * *
You hit the worm but do no damage.
The worm is heavily wounded.
The worm bites you but does no damage.
You barely miss the worm.
The worm is moderately wounded.
The worm bites you.
* * * LOW HITPOINT WARNING * * *
You barely miss the worm.
The worm is moderately wounded.
You hit the worm but do no damage.
The worm is moderately wounded.
The worm bites you but does no damage.
You hit the worm but do no damage.
The worm is moderately wounded.
The worm closely misses you.
You hit the worm.
The worm is heavily wounded.
The worm bites you!
You die...

....# ............l
#####....#.........$.....
#...#....#....[..........
+.<..# #.#....#..........
#....# #.#....##.........
.....# #......##.........
#....# #.....##l#.......
#....# #.....##w# ......
#....# #....##@# .....
####.#####.......# ....
#.........##### ..#
########..# ## ......#
..[....... #.#####.....
... ....># ### ######


You could see a worm and a frilled lizard.

Vanquished Creatures
  An adder (D:2)
  3 dart slugs
  An endoplasm (D:1)
  6 goblins
  4 hobgoblins
  4 kobolds
  2 quokkas
  5 ball pythons
  A bat (D:1)
  3 frilled lizards (D:1)
  2 rats
32 creatures vanquished.

Notes
Turn   | Place    | Note
-------+----------+-------------------------------------------
     0 | D:1      | Ahpoh the Barachi Fighter began the quest for the Orb.
     0 | D:1      | Reached XP level 1. HP: 18/18 MP: 1/1
    25 | D:1      | Upgraded the game from 0.31-a0-940-gdaa99269f9 to
                  | 0.31-a0-960-g0fca184906
    92 | D:1      | Found a faded altar of an unknown god.
   110 | D:1      | Reached XP level 2. HP: 25/25 MP: 2/2
   110 | D:1      | Prayed at the altar of an unknown god.
   110 | D:1      | Became a worshipper of Hepliaklqana the Forgotten
   110 | D:1      | Reached * piety under Hepliaklqana
   112 | D:1      | Fell from the grace of Hepliaklqana
  1271 | D:3      | Slain by a worm

Illustrated notes

Levels and vault maps discovered:
D:1:      lightli_arrival_boilingwater, layout_basic,
          shapermc_ecumenical_altar_mp_highgroup
D:2:      layout_basic, kennysheep_generic_room_4
D:3:      layout_basic

Action                     || total
---------------------------++-------
  Melee: Long sword        ||   111
 Invoke: Renounce Religion ||     1
    Use: Potion            ||     1
 Armour: Scale mail        ||    83
  Dodge: Dodged            ||    59
  Block: Buckler           ||    32

Table legend: (Time is in decaauts)
 A = Elapsed time spent in this place.
 B = Non-inter-level travel time spent in this place.
 C = Inter-level travel time spent in this place.
 D = Time resting spent in this place.
 E = Time spent auto-exploring this place.
 F = Levels seen in this place.
 G = Mean time per level.
                   A        B        C        D        E       F      G
               +--------+--------+--------+--------+--------+-----+--------+
         Total |   1522 |   1484 |     38 |      0 |    949 |   3 |  507.3 |
       Dungeon |   1522 |   1484 |     38 |      0 |    949 |   3 |  507.3 |
               +--------+--------+--------+--------+--------+-----+--------+

Top non-repeatable levels by time:
     D:1: 763 daAuts
     D:2: 698 daAuts
     D:3: 61 daAuts
